 Dungeon Crawl Stone Soup version 0.23-a0-677-g07611c5 (webtiles) character file.

11342 Blackhawk the Fighter (level 11, -16/89 HPs)
             Began as a Demonspawn Fighter on Jan 9, 2019.
             Was a High Priest of Okawaru.
             Demolished by a cyan very ugly thing (25 damage)
             ... on level 2 of the Abyss.
             The game lasted 00:22:21 (13407 turns).

Blackhawk the Fighter (Demonspawn Fighter)         Turns: 13407, Time: 00:22:22

Health: -16/89     AC: 18    Str: 19    XL:     11   Next: 48%
Magic:  14/14      EV: 10    Int: 10    God:    Okawaru [*****.]
Gold:   628        SH:  0    Dex: 13    Spells: 10/10 levels left

rFire    + . .     SeeInvis .   a - +1 war axe (elec)
rCold    . . .     Gourm    .   (no shield)
rNeg     + . .     Faith    .   w - +0 chain mail
rPois    .         Spirit   .   A - +1 hat {MR+}
rElec    .         Reflect  .   x - +0 cloak
rCorr    .         Harm     .   (no gloves)
MR       +....                  y - +0 pair of boots
Stlth    ..........             (no amulet)
HPRegen  0.24/turn              r - ring of positive energy
MPRegen  0.14/turn              t - +3 ring of evasion

@: no status effects
A: molten scales 2, fire resistance 1, ignite blood, spiny 3, flame cloud
immunity
a: Heroism, Finesse, Renounce Religion


You were on level 2 of the Abyss.
You worshipped Okawaru.
Okawaru was extremely pleased with you.
You were hungry.

You visited 3 branches of the dungeon, and saw 12 of its levels.
You visited the Abyss 1 time.

You collected 628 gold pieces.

Inventory:

Hand Weapons
 a - a +1 war axe of electrocution (weapon)
 b - a +2 whip of flaming
 I - a +0 lajatang of distortion
Missiles
 p - a throwing net (quivered)
Armour
 c - a +1 shield
 w - a +0 chain mail (worn)
 x - a +0 cloak (worn)
 y - a +0 pair of boots (worn)
 A - a +1 hat of magic resistance (worn)
Jewellery
 g - an uncursed ring of flight
 h - an uncursed ring of wizardry
 r - a ring of positive energy (left hand)
 t - a +3 ring of evasion (right hand)
Wands
 o - a wand of clouds (6)
 s - a wand of random effects (27)
Scrolls
 k - a scroll of teleportation
 u - 2 scrolls of immolation
 v - 3 scrolls of remove curse
 C - a scroll of brand weapon
 D - a scroll of amnesia
 E - a scroll of holy word
 H - a scroll of enchant weapon
Potions
 d - 2 potions of might
 e - a potion of heal wounds
 i - 6 potions of curing
 j - a potion of magic
 l - 4 potions of brilliance
 m - 2 potions of lignification
 q - a potion of invisibility
 z - a potion of berserk rage
 B - 4 potions of flight
 F - 2 potions of resistance {unknown}
 G - a potion of mutation {unknown}
Comestibles
 f - 25 rations
 n - 3 chunks of flesh


   Skills:
 + Level 9.5 Fighting
 + Level 8.4 Axes
 + Level 8.8 Armour
 + Level 8.8 Shields
 + Level 4.8 Invocations


You had 10 spell levels left.
You didn't know any spells.
Your spell library contained the following spells:

 Spells                   Type           Power        Failure   Level  Hunger
 Magic Dart               Conj           #...         97%         1    ##.....
 Blink                    Tloc           N/A          99%         2    ###....
 Call Imp                 Summ           #.......     99%         2    ###....
 Slow                     Hex            #.......     99%         2    ###....
 Conjure Flame            Conj/Fire      #.......     100%        3    ####...
 Mephitic Cloud           Conj/Pois/Air  #.......     100%        3    ####...


Dungeon Overview and Level Annotations

Branches:
Dungeon (10/15)            Temple (1/1) D:7            Lair (1/6) D:9
    Orc (0/2) D:10

Altars:
Ashenzari
Cheibriados
Dithmenos
Elyvilon
Fedhas
Gozag
Hepliaklqana
Kikubaaqudgha
Makhleb
Nemelex Xobeh
Okawaru
Qazlal
Ru
Sif Muna
Trog
Uskayaw
Vehumet
Wu Jian
Xom
Yredelemnul
Zin
The Shining One

Shops:
D:6 =

Annotations:
D:2 1 runed door
D:10 3 runed doors, Omgbro's ghost, novice MiFi


Innate Abilities, Weirdness & Mutations

You are mostly covered in molten scales. (AC +3)
Your flesh is heat resistant. (rF+)
Your demonic aura causes spilled blood to erupt in flames.
You are completely covered in sharp spines.
You are immune to clouds of flame.


Message History

There is an open door here.
Found a potion of might.
d - 2 potions of might (gained 1)
A cyan very ugly thing comes into view.
The cyan very ugly thing gurgles horribly!
The cyan very ugly thing moves out of view.
The cyan very ugly thing is struck by your spines.
The cyan very ugly thing pecks you!! The cyan very ugly thing shocks you!!
You slash the cyan very ugly thing!
The cyan very ugly thing is lightly wounded.
The cyan very ugly thing is engulfed in blazing flames.
The cyan very ugly thing pecks you! The cyan very ugly thing shocks you!!
* * * LOW HITPOINT WARNING * * *
You feel much better.
The cyan very ugly thing is engulfed in blazing flames.
The cyan very ugly thing is struck by your spines.
The cyan very ugly thing pecks you!
* * * LOW HITPOINT WARNING * * *
The cyan very ugly thing shocks you!!
You die...

. ..## ... # ..#.##
#.#.## ###○.u# .
#...@## .
#..§#§####### ##
##......#...# .#
#..#.#...#..##. #
#.......##.### .#
.........# .... ###
.##...###...#.#..##..
. #..## #......#.
#.## #.#
..#.....#...#.##


You could see a cyan very ugly thing.

Vanquished Creatures
  Gastronok (Lair:1)
  Erica (D:9)
  Pikel (D:4)
  A deep elf mage (D:6)
  Psyche (D:9)
  A komodo dragon (Lair:1)
  7 hornets
  5 blink frogs (Lair:1)
  A hippogriff (D:10)
  Sigmund (D:4)
  2 wyverns (D:10)
  A vampire (D:10)
  A hungry ghost (D:7)
  A warg (D:10)
  A soldier ant (D:8)
  A porcupine (Lair:1)
  An eye of draining (D:8)
  4 orc warriors
  A sky beast (D:10)
  An ice beast (D:10)
  4 ogres
  A phantom (D:5)
  2 centaurs
  5 bullfrogs
  A big kobold (D:9)
  4 scorpions
  5 killer bees (D:8)
  4 wights (D:9)
  A howler monkey (D:6)
  A bullfrog zombie (D:8)
  A quasit (D:7)
  9 crimson imps
  A centaur zombie (D:8)
  3 jellies
  A centaur skeleton (D:5)
  6 hounds
  8 orc wizards
  13 orc priests
  Jessica (D:2)
  A bullfrog skeleton (D:9)
  An iguana (D:7)
  11 worker ants
  2 hound zombies
  A hound skeleton (D:8)
  A worker ant zombie (D:6)
  A howler monkey zombie (D:7)
  3 river rats (D:5)
  15 adders
  2 shadow imps
  3 oozes
  2 adder zombies (D:9)
  4 worms
  3 dart slugs
  4 leopard geckos
  44 orcs
  5 ball pythons
  5 giant cockroaches
  4 goblins
  5 hobgoblins
  4 jackals (D:10)
  3 quokkas
  10 bats
  4 frilled lizards
  6 kobolds
  A quokka skeleton (D:5)
  12 rats
262 creatures vanquished.

Vanquished Creatures (others)
  A slave (D:4)
  A crimson imp (D:4)
  A white imp (D:4)
3 creatures vanquished.

Grand Total: 265 creatures vanquished

Notes
Turn   | Place    | Note
-------+----------+-------------------------------------------
     0 | D:1      | Blackhawk the Demonspawn Fighter began the quest for the
                  | Orb.
     0 | D:1      | Reached XP level 1. HP: 18/18 MP: 1/1
   352 | D:1      | Gained mutation: Your flesh is heat resistant. (rF+)
                  | [demonic ancestry]
   352 | D:1      | Reached XP level 2. HP: 24/24 MP: 2/2
  1072 | D:2      | Reached XP level 3. HP: 25/29 MP: 3/3
  1252 | D:2      | Noticed Jessica
  1258 | D:2      | Killed Jessica
  1284 | D:2      | Gained mutation: You are partially covered in molten
                  | scales. (AC +2) [demonic ancestry]
  1284 | D:2      | Reached XP level 4. HP: 35/35 MP: 4/4
  1729 | D:2      | Found a runed door.
  2270 | D:3      | Noticed a +0 hand axe
  2273 | D:3      | Noticed a +0 hand axe
  2285 | D:3      | Found a hide-covered altar of Uskayaw.
  2429 | D:3      | Gained mutation: You are partially covered in sharp spines.
                  | [demonic ancestry]
  2429 | D:3      | Reached XP level 5. HP: 36/42 MP: 5/5
  2736 | D:3      | Reached skill level 4 in Fighting
  2919 | D:3      | Found a stormy altar of Qazlal.
  3229 | D:3      | Found a hazy altar of Hepliaklqana.
  3404 | D:4      | Noticed a slave
  3404 | D:4      | Noticed a slave
  3405 | D:4      | Noticed Pikel
  3411 | D:4      | Got a brightly glowing leather armour
  3433 | D:4      | Noticed a slave
  3437 | D:4      | Noticed a slave
  3453 | D:4      | Killed Pikel
  3453 | D:4      | Reached skill level 5 in Fighting
  3453 | D:4      | Gained mutation: You are mostly covered in molten scales.
                  | (AC +3) [demonic ancestry]
  3453 | D:4      | Reached XP level 6. HP: 25/51 MP: 6/6
  3453 | D:4      | Reached XP level 7. HP: 28/56 MP: 7/7
  4177 | D:4      | Noticed Sigmund
  4201 | D:4      | Killed Sigmund
  4459 | D:4      | Reached skill level 5 in Armour
  4461 | D:4      | Reached skill level 5 in Shields
  4461 | D:4      | Gained mutation: You are immune to clouds of flame.
                  | [demonic ancestry]
  4461 | D:4      | Reached XP level 8. HP: 47/63 MP: 8/8
  4738 | D:4      | Identified the cursed +0 leather armour "Qaell" {SInv} (You
                  | found it on level 4 of the Dungeon)
  4769 | D:5      | Entered Level 5 of the Dungeon
  5087 | D:5      | Found a shimmering altar of Xom.
  5226 | D:5      | You fall through a shaft for 3 floors!
  5311 | D:8      | Noticed a two-headed ogre
  5313 | D:8      | Noticed a hornet
  5462 | D:7      | Reached skill level 6 in Fighting
  5462 | D:7      | Reached skill level 5 in Axes
  5629 | D:7      | Found a burning altar of Makhleb.
  5629 | D:7      | Noticed a blizzard demon
  5646 | D:7      | Noticed a hellwing
  5767 | D:7      | Found a staircase to the Ecumenical Temple.
  5777 | Temple   | Entered the Ecumenical Temple
  5984 | Temple   | Became a worshipper of Warmaster Okawaru
  6786 | D:5      | Found a glowing silver altar of Zin.
  6858 | D:5      | Gained mutation: You are mostly covered in sharp spines.
                  | [demonic ancestry]
  6858 | D:5      | Reached XP level 9. HP: 71/71 MP: 9/9
  7092 | D:5      | Reached * piety under Okawaru
  8000 | D:6      | Noticed a deep elf mage
  8009 | D:6      | Killed a deep elf mage
  8009 | D:6      | Reached skill level 7 in Fighting
  8169 | D:6      | Found Kaclogi's Jewellery Shoppe.
  8660 | D:7      | Found a shattered altar of Ashenzari.
  8701 | D:7      | Found a snail-covered altar of Cheibriados.
  8704 | D:7      | Found a glowing silver altar of Zin.
  8707 | D:7      | Found a glowing golden altar of the Shining One.
  9073 | D:8      | Reached ** piety under Okawaru
  9229 | D:8      | Paralysed by a hornet for 1 turns
  9831 | D:8      | Gained mutation: Your demonic aura causes spilled blood to
                  | erupt in flames. [demonic ancestry]
  9831 | D:8      | Reached XP level 10. HP: 25/80 MP: 10/10
  9856 | D:8      | Reached skill level 8 in Fighting
 10219 | D:8      | Reached *** piety under Okawaru
 10348 | D:8      | Found a bloodstained altar of Trog.
 10500 | D:9      | Noticed Psyche
 10719 | D:9      | Found a staircase to the Lair.
 10988 | D:9      | Paralysed by Psyche for 7 turns
 10991 | D:9      | Killed Psyche
 11242 | D:9      | Noticed Erica
 11250 | D:9      | Killed Erica
 11250 | D:9      | Reached **** piety under Okawaru
 11327 | D:10     | Entered Level 10 of the Dungeon
 11746 | D:10     | Reached skill level 1 in Invocations
 11756 | D:10     | Found a staircase to the Orcish Mines.
 12194 | D:10     | Reached skill level 9 in Fighting
 12324 | D:10     | Gained mutation: You are completely covered in sharp
                  | spines. [demonic ancestry]
 12324 | D:10     | Reached XP level 11. HP: 89/89 MP: 11/13
 12345 | D:10     | Reached ***** piety under Okawaru
 12507 | D:10     | Found a runed gate.
 12507 | D:10     | Found a runed gate.
 12507 | D:10     | Found a runed gate.
 12858 | D:10     | Noticed Omgbro's ghost (novice MiFi)
 13097 | Lair:1   | Entered Level 1 of the Lair of Beasts
 13097 | Lair:1   | Noticed Gastronok
 13111 | Lair:1   | Killed Gastronok
 13364 | Lair:1   | Cast into level 2 of the Abyss (a distortion unwield)
 13404 | Abyss:2  | Noticed a cyan very ugly thing
 13406 | Abyss:2  | HP: 4/89 [cyan very ugly thing (24)]
 13407 | Abyss:2  | Demolished by a cyan very ugly thing

Vault maps used:
D:1:      enne_arrival_octagon_isle, minmay_hedge_maze, minmay_pentomino_w4
D:2:      uniq_jessica, uniq_crazy_yiuf_cottage
D:3:      lemuel_round_altar, nicolae_qazlal_general_emergency,
          dancing_weapons_uskayaw, first_ration
D:4:      minmay_fire_ice_demons, uniq_pikel, uniq_sigmund
D:5:      overflow_temple_1_default, lightli_sewer_entry_pipes, basic_altar
D:6:      serial_shops, shop, grunt_ministairs_7, guppyfry_early_elven_hall
D:7:      kennysheep_mini_moat, grunt_temple_overflow_diamond,
          minmay_temple_entry_waves, dk_noncrumbling_4, st_stairs_5,
          makhleb_altar_promises_db
D:8:      lemuel_doored_altar, hangedman_pestilent_swarm
D:9:      lair_entry_dummy, supply_closet_lemuel, amethyst_killhole,
          kennysheep_pointless_box, uniq_erica, uniq_psyche
D:10:     erik_orc_4, gammafunk_ghost_spectres
Temple:   oiseaux_autumnal_temple
Lair:1:   grunt_megastairs_2, lemuel_fruit_fields, uniq_gastronok

Skill      XL: |  1  2  3  4  5  6  7  8  9 10 11 |
---------------+----------------------------------+-----
Axes           | 2 4 5 6 7 8 |  8.4
Armour         | 3 4 5 6 7 8 |  8.8
Shields        | 3 4 5 6 7 8 |  8.8
Fighting       | 5 6 7 9 |  9.5
Invocations    | 2 4 |  4.8

Action                   |  1- 3 |  4- 6 |  7- 9 | 10-12 || total
-------------------------+-------+-------+-------+-------++-------
Melee: War axe           |    91 |   141 |       |   137 ||   369
       Whip              |       |       |   489 |   179 ||   668
Invok: Heroism           |       |       |       |     1 ||     1
Evoke: Wand              |       |       |     1 |       ||     1
  Use: Scroll            |       |       |     7 |    17 ||    24
       Potion            |       |       |     1 |     5 ||     6
  Eat: Chunk             |     1 |     7 |    20 |    11 ||    39
       Ration            |       |       |     1 |       ||     1
Armor: Scale mail        |    63 |    65 |       |       ||   128
       Chain mail        |       |    21 |   175 |   126 ||   322
Dodge: Dodged            |    27 |    43 |   100 |    86 ||   256
Block: Shield            |    50 |    73 |   221 |   203 ||   547

Table legend:
 A = Non-vault XP
 B = Vault XP
 C = Vault XP percentage of total XP
 D = Non-vault monster count
 E = Vault monster count
 F = Vault count percentage of total count
                 A         B        C        D         E       F
            +---------+---------+-------+---------+---------+-------
      Total |    9357 |    6846 |  42.3 |     215 |      47 |  17.9
            +---------+---------+-------+---------+---------+-------
        D:1 |      33 |       6 |  15.4 |      19 |       4 |  17.4
        D:2 |      48 |      37 |  43.5 |       7 |       1 |  12.5
        D:3 |     162 |       0 |   0.0 |      29 |       0 |   0.0
        D:4 |     285 |     893 |  75.8 |      16 |       2 |  11.1
        D:5 |     856 |     133 |  13.4 |      28 |      14 |  33.3
        D:6 |     297 |     583 |  66.2 |      12 |       2 |  14.3
        D:7 |     650 |     212 |  24.6 |      15 |       2 |  11.8
        D:8 |    1424 |     993 |  41.1 |      29 |       4 |  12.1
        D:9 |    1129 |    1299 |  53.5 |      22 |       2 |   8.3
       D:10 |    2564 |     487 |  16.0 |      30 |      15 |  33.3
     Lair:1 |    1909 |    2203 |  53.6 |       8 |       1 |  11.1
            +---------+---------+-------+---------+---------+-------
